 Dungeon Crawl Stone Soup version 0.19.1-1-g22dce08 (webtiles) character file.

33628 theAP the Bludgeoner (level 13, 0/90 HPs)
             Began as a Gargoyle Fighter on Jan 3, 2017.
             Was an Elder of Ashenzari.
             Killed by divine providence
             ... invoked by a meliai
              (17 damage)
             ... on level 14 of the Dungeon.
             The game lasted 00:40:05 (12087 turns).

theAP the Bludgeoner (Gargoyle Fighter)            Turns: 12087, Time: 00:40:05

Health: 0/90       AC: 34    Str: 24    XL:     13   Next: 72%
Magic:  13/13      EV:  5    Int: 10    God:    Ashenzari [****..]
Gold:   778        SH: 13    Dex: 17    Spells: 0 memorised, 12 levels left

rFire  + . .     SeeInvis +     E - +2 flail (crush) (curse)
rCold  . . .     Gourm    +     G - +4 plate armour {rF+} (curse)
rNeg   + . .     Faith    .     c - +1 shield (curse)
rPois  ∞         Spirit   .     w - +0 helmet (curse)
rElec  +         Reflect  .     v - +0 cloak (curse)
rCorr  +         Harm     .     H - +0 pair of gloves (curse)
MR     .....     Clarity  +     (no boots)
Stlth  ..........               C - amulet of the gourmand (curse)
                                y - ring of resist corrosion
                                n - +4 ring of dexterity (curse)

@: very slightly contaminated
A: thin metallic scales 1, agile 2, negative energy resistance 1, shaggy fur 1,
electricity resistance, unbreathing, petrification resistance, rot immunity, AC
+9
a: Curse Item, Scrying, Renounce Religion


You were on level 14 of the Dungeon.
You worshipped Ashenzari.
Ashenzari was greatly pleased with you.
You were not hungry.

You visited 1 branch of the dungeon, and saw 14 of its levels.

You collected 877 gold pieces.
You spent 99 gold pieces at shops.

Inventory:

Hand Weapons
 E - a cursed +2 flail of crushing (weapon)
Armour
 a - +0 mottled dragon scales
 c - a cursed +1 shield (worn)
 v - a cursed +0 cloak (worn)
 w - a cursed +0 helmet (worn)
 G - a cursed +4 plate armour of fire resistance (worn)
 H - a cursed +0 pair of gloves (worn)
 W - a +0 cloak
Jewellery
 d - an uncursed ring of flight
 l - an uncursed ring of fire
 n - a cursed +4 ring of dexterity (left hand)
 r - an uncursed amulet of rage
 y - a ring of resist corrosion (right hand)
 C - a cursed amulet of the gourmand (around neck)
 S - an uncursed ring of resist corrosion
Wands
 i - a wand of teleportation (3/9)
 j - a wand of lightning (6/15)
 m - a wand of confusion (14/48)
 q - a wand of slowing (17/48)
 u - a wand of enslavement (16/24)
 x - a wand of teleportation (4/9)
 D - a wand of iceblast (4/15)
 F - a wand of lightning (5/15)
 L - a wand of flame (26/48)
 M - a wand of disintegration (9/24)
 Q - a wand of disintegration (20/24)
 Y - a wand of teleportation (2/9)
Scrolls
 s - 5 scrolls of teleportation
 B - a scroll of fear
 N - 4 scrolls of recharging
 P - 3 scrolls of remove curse
 T - a scroll of blinking
Potions
 e - a potion of cancellation
 o - 3 potions of brilliance
 p - a potion of flight
 z - a potion of mutation
 A - 2 potions of ambrosia
 J - a potion of lignification
 R - 2 potions of agility {unknown}
 Z - 3 potions of cure mutation {unknown}
Books
 k - a book of Air

   Spells                             Type                      Level
   a - Shock                          Conjuration/Air              1
   b - Swiftness                      Charms/Air                   2
   c - Repel Missiles                 Charms/Air                   2
   d - Static Discharge               Conjuration/Air              3
   e - Lightning Bolt                 Conjuration/Air              5
 t - a book of Cantrips

   Spells                             Type                      Level
   a - Confusing Touch                Hexes                        1
   b - Animate Skeleton               Necromancy                   1
   c - Summon Small Mammal            Summoning                    1
   d - Apportation                    Translocation                1
 O - a book of Necromancy

   Spells                             Type                      Level
   a - Pain                           Necromancy                   1
   b - Animate Skeleton               Necromancy                   1
   c - Vampiric Draining              Necromancy                   3
   d - Regeneration                   Charms/Necromancy            3
   e - Animate Dead                   Necromancy                   4
   f - Control Undead                 Necromancy                   4
 X - a book of Enchantments

   Spells                             Type                      Level
   a - Cause Fear                     Hexes                        4
   b - Yara's Violent Unravelling     Hexes/Transmutation          5
   c - Silence                        Hexes/Air                    5
   d - Deflect Missiles               Charms/Air                   6
   e - Discord                        Hexes                        8
Comestibles
 b - 7 beef jerkies
 f - 9 bread rations
 g - 6 fruits
 h - 7 meat rations
 I - 5 slices of pizza


   Skills:
 + Level 14.2 Fighting
 + Level 17.3(20.1) Maces & Flails
 + Level 4.9(8.3) Armour
 + Level 5.2(7.5) Shields


You had 12 spell levels left.
You didn't know any spells.

Dungeon Overview and Level Annotations

Branches:
Dungeon (14/15)            Temple (0/1) D:7            Lair (0/6) D:9
    Orc (0/2) D:10         Vaults (0/5) D:13

Altars:
Ashenzari
Okawaru
The Shining One

Shops:
D:4 %   D:6 ?   D:10 (


Innate Abilities, Weirdness & Mutations

You are resistant to torment.
Your stone body is resilient. (AC +9)
You are immune to poison.
You resist negative energy. (rN+)
You are resistant to electric shocks. (rElec)
You can survive without breathing.
You are immune to petrification.
You are immune to rotting.
You are partially covered in thin metallic scales. (AC +2)
You are very agile. (Dex +4)
You are covered in fur. (AC +1)


Message History

* * * LOW HITPOINT WARNING * * *
The meliai hits you but does no damage. You block the meliai's attack.
You hear an angry buzzing noise.
Blink to where?
Press: ? - help, Dir - move target cursor You are very lightly contaminated with residual magic.
As you read the scroll of blinking, it crumbles to dust.
As you read the scroll of teleportation, it crumbles to dust.
You feel strangely unstable.
Your surroundings flicker for a moment.
The meliai mumbles some strange prayers to its god against you.
Something smites you!
* * * LOW HITPOINT WARNING * * *
You block the meliai's attack. x2
A meliai comes into view. It is wielding a hand axe.
The meliai calls upon its god to heal the meliai.
The meliai's wounds heal themselves!
The meliai calls down the wrath of its god upon you.
Something smites you!
You die...

* , ,,,,, , ,, *, ,
,,, ,* ,{ , ,, * *
* **** **,* { { ,,
, , , , , , , {, ,
, , ,* * *** * * *
** ** * * * ,
############# * ,
#...@yy..y..#,* *
#.#########.# * ,
#.# * * ,* #.#,,
,,,, * , * **{#y#
*** , ,,∆, ∆∆ #.# *
* ** #y#.# * *
.##################
*,#§#{. , ,
>.................#
,#.#.# **


You could see 3 meliai.

Vanquished Creatures
  The ghost of esteth the Carver, a journeyman MiGl of Dithmenos (D:11)
  A vault guard (D:13)
  2 hydras
  5 centaur warriors
  The ghost of theAP the Basher, a novice GrFi of Ashenzari (D:9)
  3 unseen horrors
  A wizard (D:13)
  5 hill giants
  2 necromancers (D:13)
  2 deep elf magi (D:13)
  3 ugly things
  2 manticores
  A cyclops (D:14)
  Joseph (D:8)
  A gargoyle (D:12)
  A komodo dragon (D:12)
  3 trolls
  A two-headed ogre (D:11)
  A harpy zombie (D:14)
  3 slime creatures (D:12)
  2 hippogriffs (D:11)
  A centaur simulacrum (D:14)
  20 yaks
  A vampire (D:10)
  2 wyverns
  A wraith (D:13)
  2 shadows (D:13)
  21 humans
  4 hogs (D:8)
  2 hungry ghosts
  2 mottled dragons
  Edmund (D:4)
  A water moccasin (D:8)
  Duvessa (D:7)
  4 black bears
  2 ice beasts
  3 sky beasts
  A necrophage (D:12)
  3 ogres
  5 phantoms
  3 boggarts
  7 centaurs
  4 bullfrogs
  2 wyvern zombies
  A wyvern skeleton (D:10)
  A water moccasin skeleton (D:4)
  4 scorpions
  Dowan (D:7)
  11 killer bees
  3 wights (D:11)
  2 howler monkeys
  6 crimson imps
  5 centaur zombies
  2 bullfrog zombies
  7 orc priests
  A bullfrog skeleton (D:11)
  A quasit (D:8)
  2 hounds
  3 jellies
  8 orc wizards
  5 centaur skeletons
  Ijyb (D:3)
  4 iguanas
  10 worker ants
  A hound zombie (D:11)
  2 hound skeletons
  A howler monkey zombie (D:7)
  Robin (D:3)
  A howler monkey skeleton (D:5)
  18 adders
  2 shadow imps (D:8)
  2 oozes
  An adder skeleton (D:5)
  3 adder zombies
  2 worms (D:2)
  A dart slug (D:4)
  5 leopard geckos
  33 orcs
  9 bats
  4 giant cockroaches
  14 goblins
  5 hobgoblins
  6 jackals
  8 quokkas
  2 ball pythons (D:1)
  7 frilled lizards
  15 kobolds
  A leopard gecko skeleton (D:5)
  2 quokka zombies
  11 rats
  A plant (D:10)
371 creatures vanquished.

Vanquished Creatures (others)
  9 plants (D:9)
9 creatures vanquished.

Grand Total: 380 creatures vanquished

Notes
Turn   | Place    | Note
-------+----------+-------------------------------------------
     0 | D:1      | theAP the Gargoyle Fighter began the quest for the Orb.
     0 | D:1      | Reached XP level 1. HP: 14/14 MP: 1/1
   112 | D:1      | Reached XP level 2. HP: 18/19 MP: 2/2
   602 | D:1      | Reached XP level 3. HP: 24/24 MP: 3/3
  1187 | D:2      | Reached skill level 3 in Maces & Flails
  1215 | D:2      | Reached XP level 4. HP: 21/29 MP: 4/4
  1785 | D:3      | Noticed Robin
  1799 | D:3      | Reached XP level 5. HP: 33/34 MP: 5/5
  1811 | D:3      | Reached skill level 4 in Maces & Flails
  1822 | D:3      | Killed Robin
  1868 | D:3      | Noticed Ijyb
  1877 | D:3      | Killed Ijyb
  2465 | D:4      | Reached XP level 6. HP: 40/40 MP: 6/6
  2520 | D:4      | Noticed Edmund
  2532 | D:4      | Killed Edmund
  2532 | D:4      | Reached skill level 5 in Fighting
  2532 | D:4      | Reached skill level 5 in Maces & Flails
  2565 | D:4      | Found Lacilec's Food Shop.
  2783 | D:4      | Reached XP level 7. HP: 25/44 MP: 7/7
  2859 | D:4      | Reached skill level 6 in Maces & Flails
  3156 | D:5      | Entered Level 5 of the Dungeon
  3385 | D:5      | Reached skill level 7 in Maces & Flails
  3520 | D:5      | Reached XP level 8. HP: 41/52 MP: 8/8
  3707 | D:5      | Reached skill level 8 in Maces & Flails
  4053 | D:6      | Found a shattered altar of Ashenzari.
  4112 | D:6      | Became a worshipper of Ashenzari the Shackled
  4166 | D:6      | Found Onuuguve's Magic Scroll Boutique.
  4179 | D:6      | Bought a scroll of remove curse for 33 gold pieces
  4179 | D:6      | Bought a scroll of remove curse for 33 gold pieces
  4179 | D:6      | Bought a scroll of remove curse for 33 gold pieces
  4737 | D:7      | Reached skill level 9 in Maces & Flails
  4758 | D:7      | Noticed Dowan
  4768 | D:7      | Killed Dowan
  4769 | D:7      | Noticed Duvessa
  4778 | D:7      | Killed Duvessa
  4778 | D:7      | Reached XP level 9. HP: 47/58 MP: 9/9
  4885 | D:7      | Found a staircase to the Ecumenical Temple.
  5363 | D:8      | Reached skill level 10 in Maces & Flails
  5413 | D:8      | Reached * piety under Ashenzari
  5571 | D:8      | Noticed Joseph
  5601 | D:8      | Killed Joseph
  5832 | D:8      | Reached skill level 11 in Maces & Flails
  6175 | D:8      | Reached XP level 10. HP: 59/66 MP: 10/10
  6403 | D:9      | Noticed theAP's ghost (novice GrFi)
  6447 | D:9      | Killed theAP's ghost
  6447 | D:9      | Reached skill level 10 in Fighting
  6447 | D:9      | Reached skill level 12 in Maces & Flails
  6550 | D:9      | Found a staircase to the Lair.
  6785 | D:9      | Reached ** piety under Ashenzari
  7009 | D:10     | Entered Level 10 of the Dungeon
  7312 | D:10     | Found a staircase to the Orcish Mines.
  7461 | D:10     | Noticed a hill giant
  7469 | D:10     | Killed a hill giant
  7491 | D:10     | Found Zaovey's Antique Weapon Emporium.
  7598 | D:10     | Reached skill level 13 in Maces & Flails
  7738 | D:11     | Noticed esteth's ghost (journeyman MiGl)
  7774 | D:11     | Killed esteth's ghost
  7774 | D:11     | Reached XP level 11. HP: 61/73 MP: 11/11
  7924 | D:11     | Found a glowing golden altar of the Shining One.
  8056 | D:11     | Killed an unseen horror
  8198 | D:11     | Noticed a hill giant
  8216 | D:11     | Killed a hill giant
  8220 | D:11     | Noticed a hill giant
  8239 | D:11     | Killed a hill giant
  8330 | D:11     | Reached *** piety under Ashenzari
  8347 | D:11     | Reached skill level 14 in Maces & Flails
  8351 | D:11     | Noticed a four-headed hydra
  8362 | D:11     | Killed a four-headed hydra
  8398 | D:11     | Found an iron altar of Okawaru.
  8787 | D:12     | Noticed a hill giant
  8804 | D:12     | Killed a hill giant
  9062 | D:12     | Reached XP level 12. HP: 63/81 MP: 12/12
  9197 | D:12     | Reached skill level 15 in Maces & Flails
  9531 | D:12     | Reached **** piety under Ashenzari
 10100 | D:13     | Gained mutation: You are covered in fur. (AC +1) [mutagenic meat]
 10163 | D:13     | Noticed a centaur warrior
 10172 | D:13     | Killed a centaur warrior
 10305 | D:13     | Noticed a vault guard
 10322 | D:13     | Killed a vault guard
 10327 | D:13     | Reached skill level 16 in Maces & Flails
 10693 | D:13     | Reached XP level 13. HP: 88/88 MP: 13/13
 10729 | D:13     | Found a gate to the Vaults.
 10824 | D:13     | Gained mutation: You are agile. (Dex +2) [potion of beneficial mutation]
 10825 | D:13     | Gained mutation: You are partially covered in thin metallic scales. (AC +2) [potion of beneficial mutation]
 11160 | D:13     | Reached skill level 17 in Maces & Flails
 11906 | D:14     | Gained mutation: You are very agile. (Dex +4) [mutagenic meat]
 11968 | D:14     | Reached skill level 5 in Shields
 12087 | D:14     | Killed from afar by a meliai

Skill      XL: |  1  2  3  4  5  6  7  8  9 10 11 12 13 |
---------------+----------------------------------------+-----
Fighting       | 4 5 6 7 9 10 12 13 14 | 14.2
Maces & Flails | 3 4 5 7 9 11 13 14 16 17 | 17.3
Shields        | 5 |  5.2
Armour         | 4 |  4.9

Action                   |  1- 3 |  4- 6 |  7- 9 | 10-12 | 13-15 || total
-------------------------+-------+-------+-------+-------+-------++-------
Melee: Flail             |   176 |   258 |   353 |   819 |   275 ||  1881
Invok: Curse Item        |       |       |     8 |       |       ||     8
Evoke: Wand              |       |       |       |     6 |       ||     6
  Use: Scroll            |     2 |     5 |     6 |     8 |     6 ||    27
       Potion            |       |       |     4 |     4 |     2 ||    10
  Eat: Chunk             |     1 |     6 |    15 |    19 |     7 ||    48
       Royal jelly       |       |       |     1 |     1 |       ||     2
       Pizza             |       |       |       |     4 |       ||     4
Armor: Scale mail        |   135 |   130 |     7 |       |       ||   272
       Plate armour      |       |       |   204 |   430 |   139 ||   773
Dodge: Dodged            |    66 |    78 |    46 |    88 |    34 ||   312
Block: Shield            |   122 |   143 |   171 |   295 |   147 ||   878
